 Dungeon Crawl Stone Soup version 0.25.0-9-g26727b657a (webtiles) character file.

Game seed: 2966388138541123199

51 Nachtmond the Skirmisher (level 3, 0/34 HPs)
             Began as a Minotaur Berserker on June 18, 2020.
             Was a Believer of Trog.
             Killed from afar by Sigmund (7 damage)
             ... with a magic dart
             ... on level 2 of the Dungeon.
             The game lasted 00:09:42 (1254 turns).

Nachtmond the Skirmisher (Minotaur Berserker)       Turns: 1254, Time: 00:09:42

Health: 0/34       AC:  5    Str: 22    XL:     3   Next: 58%
Magic:  2/2        EV:  7    Int:  4    God:    Trog [**....]
Gold:   96         SH:  0    Dex:  9    Spells: 2/2 levels left

rFire    . . .     SeeInvis .   m - +1 mace (protect)
rCold    . . .     Gourm    .   (no shield)
rNeg     . . .     Faith    .   g - +0 ring mail
rPois    .         Spirit   .   (helmet restricted)
rElec    .         Reflect  .   (no cloak)
rCorr    .         Harm     .   (no gloves)
MR       .....                  (no boots)
Stlth    ..........             (no amulet)
HPRegen  0.11/turn              h - -4 ring of evasion (curse)
MPRegen  0.08/turn              (no ring)

@: confused, flying
A: retaliatory headbutt, horns 2
a: Berserk, Trog's Hand, Renounce Religion


You were on level 2 of the Dungeon.
You worshipped Trog.
Trog was pleased with you.
You were not hungry.

You visited 1 branch of the dungeon, and saw 2 of its levels.

You collected 96 gold pieces.

Inventory:

Hand Weapons
 a - a +0 mace
 f - a +0 whip
 m - a +1 mace of protection (weapon)
 p - a +0 dagger
Missiles
 k - 64 stones (quivered)
Armour
 b - a +0 animal skin
 e - a +0 robe
 g - a +0 ring mail (worn)
 j - a +0 leather armour
Jewellery
 h - a cursed -4 ring of evasion (left hand)
Scrolls
 i - 2 scrolls of teleportation {unknown}
 l - a scroll of remove curse {unknown}
 q - 2 scrolls of fear {unknown}
 r - a scroll of amnesia {unknown}
Potions
 n - a potion of flight
 o - a potion of stabbing {unknown}
Comestibles
 c - 5 rations
 d - 2 chunks of flesh


   Skills:
 + Level 4.6 Fighting
 + Level 4.3 Maces & Flails
 + Level 2.9 Armour
 + Level 2.3 Dodging


You had 2 spell levels left.
You didn't know any spells.
Your spell library was empty.

Dungeon Overview and Level Annotations

Branches:
Dungeon (2/15)

Altars:
Fedhas

Annotations:
D:2 Sigmund


Innate Abilities, Weirdness & Mutations

You reflexively headbutt those who attack you in melee.
You have a pair of horns on your head.


Message History

You feel less confused.
You hear some strange, mumbled words.
Something tries to affect you, but you resist.
You are confused.
You're too confused to move!
Something tries to affect you, but you resist.
Sigmund appears from thin air!
Reactivating autopickup.
You feel less confused. Sigmund hits you but does no damage.
Sigmund closely misses you.
Sigmund points at you and mumbles some strange words.
The puff of flame hits you!
* * * LOW HITPOINT WARNING * * *
Sigmund gestures at you while chanting.
You are confused.
You bump into the rock wall.
Sigmund casts a spell at you. The magic dart hits you!
You die...

#.########.# #.......###
..##.......# #.........#
#.##.......# #.........#
#.##.......# #.........#
#.##.......# #.......###
#.##.......#########.......#
........................####
..........###########.###########
.............@..@................
................................>
#.#####.#####.##.####.##.....#.#.
#.# #.# #.##.# #........#.#. #.#
#.# #.##.# ####.....#... #.# #.#
#.##.# #...####.. #.#
###.#####.##.# #...# #÷. #.#
#......##.##.#### #...####÷.
#.###..8............#########.÷÷.


You could see Sigmund.

Vanquished Creatures
  An adder (D:2)
  A worm (D:2)
  2 dart slugs (D:1)
  A leopard gecko (D:2)
  3 giant cockroaches
  4 goblins
  5 hobgoblins
  4 jackals (D:2)
  A ball python (D:2)
  5 frilled lizards
  3 kobolds
  4 rats
34 creatures vanquished.

Notes
Turn   | Place    | Note
-------+----------+-------------------------------------------
     0 | D:1      | Nachtmond the Minotaur Berserker began the quest for the
                  | Orb.
     0 | D:1      | Reached XP level 1. HP: 19/19 MP: 0/0
   228 | D:1      | Reached XP level 2. HP: 27/27 MP: 1/1
   557 | D:1      | You fall into a shaft and drop 1 floor!
   603 | D:2      | Found a faded altar of an unknown god.
   749 | D:2      | Reached XP level 3. HP: 32/33 MP: 2/2
   934 | D:2      | Reached ** piety under Trog
  1084 | D:2      | Found a blossoming altar of Fedhas.
  1202 | D:2      | Noticed Sigmund
  1254 | D:2      | Killed from afar by Sigmund

Illustrated notes

Levels and vault maps discovered:
D:1:      saegor_arrival_miasma, layout_loops_corners, serial_park_tiny_pond
D:2:      layout_basic, chequers_ecumenical_altar_simple,
          fedhas_altar_fruit_tree, uniq_sigmund

Skill      XL: |  1  2 |
---------------+-------+-----
Maces & Flails | 4 |  4.3
Fighting       | 4 |  4.6
Armour         | |  2.9
Dodging        | |  2.3

Action                   || total
-------------------------++-------
Melee: Mace              ||    64
       Headbutt          ||     9
  Use: Potion            ||     1
  Eat: Chunk             ||     1
Armor: Ring mail         ||    23
       Animal skin       ||     1
Dodge: Dodged            ||    26
